cohdb
Replays
Latest Replays
All Replays
Popular Replays
Top Player Replays
Match Explorer
How It Works
Community
CoH3 Stats
Reddit
Sign in to upload your games and track your stats! →
Sign in with Steam
Match 44613155
Unlisted
Match 44613155
Overview
Messages
Build Orders
End
Kettenkrad Recon Vehicle
Construct Infanterie Kompanie
Grenadier Squad
Grenadier Squad
Grenadier Squad
MG 42 Machine Gun Team
Construct Luftwaffe Kompanie
221 Scout Car
Selects Mechanized Battlegroup
Selects Mechanized Battlegroup
Jäger Squad
Selects Raid Package
Selects Mobile Repair Stations
big blob cheese
^3
0
0
Comments
sign in to comment!
No comments posted yet!